 Dungeon Crawl Stone Soup version 0.24.0-123-gd5b16e6ec5 (webtiles) character file.

Game seed: 466847287797710696, levelgen mode: deterministic

1014 tett the Skirmisher (level 8, -7/71 HPs)
             Began as a Minotaur Fighter on Jan 31, 2020.
             Was an Initiate of the Shining One.
             Killed by Freeze
             ... invoked by Martska's ghost
              (11 damage)
             ... on level 5 of the Dungeon.
             The game lasted 00:26:41 (3426 turns).

tett the Skirmisher (Minotaur Fighter)              Turns: 3426, Time: 00:26:42

Health: -7/71      AC: 10    Str: 22    XL:     8   Next: 1%
Magic:  7/7        EV: 21    Int:  3    God:    the Shining One [......]
Gold:   307        SH: 10    Dex: 11    Spells: 7/7 levels left

rFire    . . .     SeeInvis .   G - +2 whip (freeze)
rCold    . . .     Gourm    .   c - +0 shield
rNeg     . . .     Faith    .   e - +0 chain mail
rPois    .         Spirit   .   (helmet restricted)
rElec    .         Reflect  .   (no cloak)
rCorr    .         Harm     .   (no gloves)
MR       .....                  (no boots)
Stlth    ..........             A - amulet of the acrobat
HPRegen  0.21/turn              k - -2 ring of intelligence (curse)
MPRegen  0.10/turn              u - ring of wizardry

@: acrobat, glowing
A: retaliatory headbutt, horns 2
a: Renounce Religion


You were on level 5 of the Dungeon.
You worshipped the Shining One.
The Shining One was noncommittal.
You were not hungry.

You visited 2 branches of the dungeon, and saw 6 of its levels.

You collected 307 gold pieces.

Inventory:

Hand Weapons
 a - a +1 long sword
 i - a +0 hunting sling
 n - a +0 mace
 p - a +0 dagger
 r - a +0 club
 G - a +2 whip of freezing (weapon)
 I - a +0 shortbow
Missiles
 o - 68 arrows
 q - 69 stones (quivered)
 w - 30 poisoned darts
 C - 71 bolts
Armour
 c - a +0 shield (worn)
 e - a +0 chain mail (worn)
 s - a +0 ring mail of poison resistance
 t - a +0 chain mail
Magical Staves
 K - an uncursed staff of summoning {unknown}
Jewellery
 g - an uncursed ring of protection from cold {unknown}
 k - a cursed -2 ring of intelligence (left hand)
 l - a cursed ring of attention
 u - a ring of wizardry (right hand)
 A - an amulet of the acrobat (around neck)
Scrolls
 h - a scroll of enchant weapon
 m - 4 scrolls of identify {unknown}
 v - a scroll of remove curse {unknown}
 x - 2 scrolls of enchant armour {unknown}
 y - 2 scrolls of magic mapping {unknown}
 D - 3 scrolls of blinking {unknown}
 E - a scroll of teleportation {unknown}
Potions
 b - 2 potions of curing {unknown}
 d - a potion of might
 j - 2 potions of resistance {unknown}
 z - a potion of ambrosia {unknown}
 B - a potion of invisibility {unknown}
 F - a potion of magic {unknown}
 H - a potion of heal wounds {unknown}
Comestibles
 f - 8 rations


   Skills:
 + Level 6.5 Fighting
 + Level 5.9 Long Blades
 + Level 1.7 Maces & Flails
 + Level 6.5 Armour
 + Level 6.5 Shields


You had 7 spell levels left.
You didn't know any spells.
Your spell library contained the following spells:

 Spells                   Type           Power        Failure   Level  Hunger
 Magic Dart               Conj           #...         99%         1    ##.....
 Summon Small Mammal      Summ           #...         99%         1    ##.....
 Blink                    Tloc           N/A          100%        2    ###....
 Call Imp                 Summ           #.......     100%        2    ###....
 Slow                     Hex            #.......     100%        2    ###....
 Call Canine Familiar     Summ           #.......     100%        3    ####...
 Conjure Flame            Conj/Fire      #.......     100%        3    ####...
 Mephitic Cloud           Conj/Pois/Air  #.......     100%        3    ####...
 Summon Guardian Golem    Hex/Summ       #.......     100%        3    ####...
 Summon Ice Beast         Ice/Summ       #.......     100%        4    #####..
 Summon Lightning Spire   Summ/Air       #.......     100%        4    #####..


Dungeon Overview and Level Annotations

Branches:
Dungeon (5/15)             Temple (1/1) D:5

Altars:
Ashenzari
Elyvilon
Gozag
Hepliaklqana
Kikubaaqudgha
Nemelex Xobeh
Qazlal
Ru
Trog
Uskayaw
The Shining One

Shops:
D:4 *

Annotations:
D:5 Martska's ghost, novice MfIE


Innate Abilities, Weirdness & Mutations

You reflexively headbutt those who attack you in melee.
You have a pair of horns on your head.


Message History

You hit Martska's ghost. You freeze Martska's ghost.
Martska's ghost is severely damaged.
Martska's ghost points at you and mumbles some strange words.
You are frozen.
You hit Martska's ghost. You freeze Martska's ghost.
Martska's ghost is almost destroyed.
Martska's ghost casts a spell at you.
You are frozen.
* * * LOW HITPOINT WARNING * * *
You hit Martska's ghost. You freeze Martska's ghost.
Martska's ghost is almost destroyed.
You block Martska's ghost's attack.
Your shield and chain mail prevent you from hitting Martska's ghost.
Martska's ghost is almost destroyed.
Martska's ghost casts a spell at you.
You are frozen.
* * * LOW HITPOINT WARNING * * *
Martska's ghost casts a spell at you.
You are frozen.
You die...

#.# #.##.###.# ###### #......
#.###.)...#..####.#.###
#..####
#.......#....##..(..#.# #..#
#######...#..#≈#..≈.§######..#
##.##..#..8.#≈≈##......#
#.....##...≈≈≈.#......####
####.#####''########...... #.#
#..W...# ##.#### #.# ##@...##
#.#### ######.# #.##.# #.##..
#.)....####.##.########.#...
#.#######...##..........#..#
#.# #.###############..# #.#
#.# ##... #.# #.# #...# #.#
#.# #..## ##.#######.# #...#


You could see Martska's ghost.

Vanquished Creatures
  Pikel (D:5)
  A slave (D:5)
  2 ogres
  A centaur (D:5)
  2 bullfrog skeletons (D:5)
  2 orc priests (D:3)
  2 worker ants
  A hound skeleton (D:5)
  7 adders
  A shadow imp (D:5)
  An ooze (D:3)
  A worm (D:2)
  2 adder skeletons
  3 leopard geckos
  6 orcs
  8 bats
  3 giant cockroaches
  2 goblins
  5 hobgoblins
  11 jackals
  A quokka (D:3)
  6 frilled lizards
  A giant cockroach zombie (D:5)
  A jackal zombie (D:5)
  5 kobolds
  6 rats
82 creatures vanquished.

Vanquished Creatures (others)
  A worker ant (D:5)
  4 orcs (D:5)
  A giant cockroach (D:5)
6 creatures vanquished.

Grand Total: 88 creatures vanquished

Notes
Turn   | Place    | Note
-------+----------+-------------------------------------------
     0 | D:1      | tett the Minotaur Fighter began the quest for the Orb.
     0 | D:1      | Reached XP level 1. HP: 19/19 MP: 0/0
   123 | D:1      | Reached XP level 2. HP: 27/27 MP: 1/1
   513 | D:2      | Reached XP level 3. HP: 27/33 MP: 2/2
   732 | D:2      | Reached XP level 4. HP: 41/41 MP: 3/3
   812 | D:3      | Reached XP level 5. HP: 20/47 MP: 4/4
   812 | D:3      | Noticed an ogre
   817 | D:3      | Killed an ogre
   817 | D:3      | Reached skill level 5 in Fighting
   817 | D:3      | Reached skill level 5 in Shields
   900 | D:3      | Reached skill level 5 in Armour
  1130 | D:3      | Found an opulent altar of Gozag.
  1835 | D:4      | Reached XP level 6. HP: 56/56 MP: 5/5
  1944 | D:4      | Found Bowoxt's Elemental Accessories.
  2165 | D:5      | Entered Level 5 of the Dungeon
  2278 | D:5      | Noticed a slave
  2278 | D:5      | Noticed a slave
  2278 | D:5      | Noticed a slave
  2278 | D:5      | Noticed Pikel
  2279 | D:5      | Noticed a slave
  2283 | D:5      | Killed a slave
  2296 | D:5      | Killed Pikel
  2296 | D:5      | Reached skill level 5 in Long Blades
  2296 | D:5      | Reached XP level 7. HP: 37/63 MP: 6/6
  2437 | D:5      | Found a large runed translucent door.
  2441 | D:5      | Found a large runed translucent door.
  2443 | D:5      | Noticed Martska's ghost (novice MfIE)
  2513 | D:5      | Found a staircase to the Ecumenical Temple.
  2533 | Temple   | Entered the Ecumenical Temple
  2837 | Temple   | Became a worshipper of the Shining One
  2921 | D:5      | Reached skill level 1 in Maces & Flails
  3000 | D:5      | Reached XP level 8. HP: 20/71 MP: 7/7
  3251 | D:5      | Found a shattered altar of Ashenzari.
  3426 | D:5      | Killed from afar by Martska's ghost

Levels and vault maps discovered:
D:1:      minmay_arrival_solitary_statue, layout_basic
D:2:      layout_loops_cross, lemuel_crystal_altar, lemuel_round_altar,
          yredelemnul_altar_generic, nicolae_overflow_hidden_temple,
          uniq_jessica, uniq_robin
D:3:      layout_basic, grunt_gozag_breadcrumbs, first_ration,
          chequers_arboretum
D:4:      layout_rooms, nicolae_elemental_shop
D:5:      layout_loops_ring, minmay_temple_entry_purple_smoke, basic_altar,
          ebering_ghost_disaster_area, uniq_pikel
Temple:   dpeg_chambers_temple

Skill      XL: |  1  2  3  4  5  6  7 |
---------------+----------------------+-----
Fighting       | 4 5 6 |  6.5
Shields        | 4 5 6 |  6.5
Armour         | 4 5 6 |  6.5
Long Blades    | 3 4 5 |  5.9
Maces & Flails | 1 |  1.7

Action                   |  1- 3 |  4- 6 |  7- 9 || total
-------------------------+-------+-------+-------++-------
Melee: Long sword        |    96 |    95 |       ||   191
       Headbutt          |     9 |    20 |    11 ||    40
       Whip              |       |       |    52 ||    52
  Use: Scroll            |       |     1 |       ||     1
  Eat: Chunk             |       |     5 |       ||     5
       Ration            |       |       |     1 ||     1
Armor: Chain mail        |    83 |    35 |    14 ||   132
       Scale mail        |     2 |       |       ||     2
Dodge: Dodged            |    35 |    25 |    14 ||    74
Block: Shield            |    73 |    52 |    28 ||   153
       Rpst.: Long sword |    10 |     7 |       ||    17
